 Dungeon Crawl Stone Soup version 0.29-a0-384-g6960b1960d (webtiles) character file.

Game seed: 6065556879807112574

11286 croobank the Covert (level 11, 0/97 HPs)
             Began as a Gnoll Delver on May 7, 2022.
             Was an Initiate of Gozag.
             Slain by a cane toad (12 damage)
             ... on level 1 of the Lair of Beasts on May 8, 2022.
             The game lasted 00:55:44 (17143 turns).

croobank the Covert (Gnoll Delver)                 Turns: 17143, Time: 00:55:47

Health: 0/97       AC: 20    Str: 16    XL:     11   Next: 75%
Magic:  20/20      EV:  7    Int:  9    God:    Gozag
Gold:   1621       SH:  0    Dex: 14    Spells: 23/23 levels left

rFire   + . .      SeeInvis .   X - +3 rapier (vamp)
rCold   . . .      Faith    .   (no shield)
rNeg    . . .      Spirit   .   n - +4 plate armour
rPois   .          Reflect  .   (no helmet)
rElec   .          Harm     .   (no cloak)
rCorr   .          Rampage  .   P - +2 pair of gloves
Will    +....                   (no boots)
Stlth   ..........              (no amulet)
HPRegen 0.26/turn               F - ring of protection from fire
MPRegen 0.17/turn               j - ring of willpower

@: lethally poisoned (0 -> -9)
A: fangs 1, strong nose, distributed training, talons 1, robust 1, MP-powered
wands
a: Renounce Religion, Potion Petition, Call Merchant, Bribe Branch


You were on level 1 of the Lair of Beasts.
You worshipped Gozag.
Gozag was most pleased with you.
You visited 3 branches of the dungeon, and saw 14 of its levels.

You collected 1713 gold pieces.
You paid 92 gold pieces to Gozag.

Inventory:

Hand Weapons
 a - a +3 war axe
 b - a +0 hunting sling
 p - a +0 mace of holy wrath
 s - a +0 shortbow of flaming
 y - a +1 arbalest of freezing
 z - a +2 short sword of distortion
 J - a +1 battleaxe
 X - a +3 vampiric rapier (weapon)
 Z - a +6 great sword
Missiles
 k - 3 datura-tipped darts (quivered)
 o - 13 boomerangs
 t - a throwing net
 w - 8 poisoned darts
 D - 2 curare-tipped darts
 L - 7 javelins
 R - 184 stones
Armour
 n - a +4 plate armour (worn)
 x - a +0 ring mail
 B - a +0 leather armour
 I - a +0 chain mail
 P - a +2 pair of gloves (worn)
Jewellery
 j - a ring of willpower (right hand)
 r - a ring of wizardry
 F - a ring of protection from fire (left hand)
 G - a ring of positive energy
 K - a +6 ring of intelligence
 Y - the ring of Viubugu {Wiz Dex+5}
   (You found it on level 8 of the Dungeon)

   [ring of wizardry]

   It improves your spell success rate.
   Dex:       It affects your dexterity (+5).
Wands
 g - a wand of digging (2)
Scrolls
 c - 2 scrolls of fog
 d - 3 scrolls of magic mapping
 q - 4 scrolls of teleportation
 O - a scroll of immolation
 W - 3 scrolls of poison
Potions
 e - 3 potions of invisibility
 f - 2 potions of haste
 h - 2 potions of magic
 i - a potion of attraction
 m - a potion of heal wounds
 A - 2 potions of flight
 E - a potion of cancellation
 M - a potion of brilliance
 Q - a potion of curing
 S - a potion of ambrosia


   Skills:
 + Level 9.4 Fighting
 + Level 6.6 Short Blades
 + Level 6.6 Long Blades
 + Level 8.1 Axes
 + Level 6.6 Maces & Flails
 + Level 6.6 Polearms
 + Level 6.6 Staves
 + Level 6.6 Slings
 + Level 6.6 Bows
 + Level 6.6 Crossbows
 + Level 6.6 Throwing
 + Level 6.6 Armour
 + Level 8.1 Dodging
 + Level 11.6 Stealth
 + Level 6.6 Shields
 + Level 6.6 Unarmed Combat
 + Level 6.6 Spellcasting
 + Level 5.4 Conjurations
 + Level 5.4 Hexes
 + Level 5.4 Summonings
 + Level 5.4 Necromancy
 + Level 5.4 Translocations
 + Level 5.4 Transmutations
 + Level 5.4 Fire Magic
 + Level 5.4 Ice Magic
 + Level 5.4 Air Magic
 + Level 5.4 Earth Magic
 + Level 5.4 Poison Magic
 + Level 7.2 Invocations
 + Level 6.6 Evocations


You had 23 spell levels left.
You didn't know any spells.
Your spell library contained the following spells:

 Spells                   Type           Power      Damage    Failure   Level
 Slow                     Hex            48%        N/A       67%         1
 Blink                    Tloc           24%        N/A       82%         2
 Ensorcelled Hibernation  Hex/Ice        24%        N/A       82%         2
 Passwall                 Tmut/Erth      10%        N/A       82%         2
 Confusing Touch          Hex            12%        N/A       96%         3
 Gell's Gravitas          Tloc           12%        N/A       96%         3
 Lesser Beckoning         Tloc           12%        N/A       96%         3
 Swiftness                Air            12%        N/A       96%         3
 Teleport Other           Tloc           12%        N/A       96%         3
 Vampiric Draining        Necr           12%        2d6       96%         3
 Blade Hands              Tmut           6%         N/A       100%        5
 Irradiate                Conj/Tmut      6%         3d15      100%        5
 Manifold Assault         Tloc           12%        N/A       100%        5
 Dispersal                Tloc           6%         N/A       100%        6
 Dragon Form              Tmut           6%         N/A       100%        7
 Chain Lightning          Conj/Air       6%         3d8       100%        9
 Fire Storm               Conj/Fire      6%         8d2       100%        9
 Shatter                  Erth           6%         3d9*      100%        9


Dungeon Overview and Level Annotations

Branches:
Dungeon (12/15)            Temple (1/1) D:6            Lair (1/6) D:8
    Orc (0/2) D:11

Altars:
Cheibriados
Dithmenos
Elyvilon
Fedhas
Gozag
Hepliaklqana
Uskayaw
Vehumet
Wu Jian
Yredelemnul
The Shining One

Shops:
D:2 (   D:5 *

Annotations:
D:3 exclusion: oklob plant
D:8 2 transporters, Doorstop00's ghost, novice MiBe


Innate Abilities, Weirdness & Mutations

You have very sharp teeth.
Your uncanny sense of smell can sniff out nearby items.
Your experience applies equally to all skills.
You have sharp toenails.
You are robust. (+10% HP)
You expend magic power (3 MP) to strengthen your wands.


Message History

You hit the cane toad.
You feel better.
Your kick misses the cane toad.
The cane toad is severely wounded.
You feel sick. The cane toad barely misses you.
You completely miss the cane toad.
The cane toad is severely wounded.
You feel sick. The cane toad stings you!
You hit the cane toad.
You feel better.
The cane toad is almost dead.
You feel sick. The cane toad barely misses you. x2
You barely miss the cane toad. Your kick misses the cane toad.
The cane toad is almost dead.
You feel sick. The cane toad stings you!
You are more poisoned.
The cane toad poisons you! The cane toad stings you!
You are too injured to fight recklessly!
You are too injured to fight recklessly!
You are too injured to fight recklessly!
You are too injured to fight recklessly!
You are too injured to fight recklessly!
Unknown command.
You are too injured to fight recklessly!
You are too injured to fight recklessly!
You barely miss the cane toad.
The cane toad is almost dead.
You feel very sick.
The cane toad stings you but does no damage. x2
You hit the cane toad.
You feel better.
The cane toad is almost dead.
You feel sick. The cane toad stings you!
* * * LOW HITPOINT WARNING * * *
The cane toad stings you!
* * * LOW HITPOINT WARNING * * *
You hit the cane toad but do no damage. Your kick misses the cane toad.
The cane toad is almost dead.
You feel very sick. The cane toad stings you!
* * * LOW HITPOINT WARNING * * *
The cane toad stings you!
You die...
Your body crumbles into a pile of gold.

....... #.#...#..#
#...... ##.
#.....#.## #......
#.#...#.# #......
#.##..#.# ##......
#.......###.......
#.................
#..########.......
##.## #.......
#F@.# #.......
......F.##
#.......
$.........
........
#P########
######... # ###


You could see 2 cane toads.

Vanquished Creatures
  A two-headed ogre (D:10)
  2 black mambas (Lair:1)
  A kobold demonologist (D:11)
  A cane toad (Lair:1)
  An unseen horror (D:12)
  2 trolls
  2 hornets
  5 blink frogs (Lair:1)
  A wyvern (D:8)
  A vampire (D:9)
  A wraith (D:7)
  11 yaks
  2 hogs (D:8)
  A human (D:8)
  2 steam dragons
  A vampire mosquito (D:12)
  2 acid dragons
  4 water moccasins
  6 orc warriors
  A black bear (D:6)
  A sky beast (D:6)
  4 centaurs
  3 ogres
  A phantom (D:5)
  3 kobold brigands
  2 bullfrogs
  3 scorpions
  6 wights
  10 killer bees
  2 vampire bats (D:3)
  A howler monkey (D:10)
  5 hounds
  5 jellies
  7 orc priests
  Jessica (D:2)
  Terence (D:3)
  A gnoll shaman (D:4)
  2 iguanas
  6 orc wizards
  15 gnolls
  9 adders
  An ufetubus (D:5)
  2 dart slugs
  39 orcs
  6 ball pythons
  4 endoplasms
  2 giant cockroaches
  7 goblins
  6 hobgoblins
  6 jackals
  22 kobolds
  4 quokkas (D:1)
  14 bats
  2 frilled lizards (D:1)
  3 rats
254 creatures vanquished.

Vanquished Creatures (collateral kills)
  A hog (D:8)
  A gnoll shaman (D:7)
  A gnoll (D:7)
  2 orcs (D:9)
5 creatures vanquished.

Vanquished Creatures (others)
  A two-headed ogre (D:8)
  A water moccasin (D:8)
  2 orcs (D:7)
  10 fungi
  10 plants
24 creatures vanquished.

Grand Total: 283 creatures vanquished

Notes
Turn   | Place    | Note
-------+----------+-------------------------------------------
     0 | D:5      | Reached skill level 9 in Stealth
     0 | D:5      | croobank the Gnoll Delver began the quest for the Orb.
     0 | D:5      | Reached XP level 1. HP: 23/23 MP: 1/1
    88 | D:5      | Noticed an orc wizard
   117 | D:5      | Found Rozov's Elemental Accessories.
   195 | D:5      | Noticed a gnoll shaman
   213 | D:4      | Reached XP level 2. HP: 6/29 MP: 2/2
   611 | D:3      | Noticed Terence
   712 | D:2      | Noticed Jessica
   712 | D:2      | Found Zolat's Weapon Emporium.
   719 | D:2      | Reached XP level 3. HP: 19/35 MP: 3/3
   735 | D:2      | Killed Jessica
   736 | D:2      | Reached skill level 1 in Short Blades
   736 | D:2      | Reached skill level 1 in Long Blades
   736 | D:2      | Reached skill level 1 in Maces & Flails
   736 | D:2      | Reached skill level 1 in Polearms
   736 | D:2      | Reached skill level 1 in Staves
   736 | D:2      | Reached skill level 1 in Slings
   736 | D:2      | Reached skill level 1 in Bows
   736 | D:2      | Reached skill level 1 in Crossbows
   736 | D:2      | Reached skill level 1 in Throwing
   736 | D:2      | Reached skill level 1 in Armour
   736 | D:2      | Reached skill level 1 in Shields
   736 | D:2      | Reached skill level 1 in Unarmed Combat
   736 | D:2      | Reached skill level 1 in Spellcasting
   736 | D:2      | Reached skill level 1 in Invocations
   736 | D:2      | Reached skill level 1 in Evocations
   949 | D:2      | Gained mutation: Armour fits poorly on your strangely
                  | shaped body. [potion of mutation]
   949 | D:2      | Gained mutation: You occasionally shout uncontrollably at
                  | your foes. [potion of mutation]
   950 | D:2      | Lost mutation: Armour fits poorly on your strangely shaped
                  | body. [potion of mutation]
   950 | D:2      | Lost mutation: You occasionally shout uncontrollably at
                  | your foes. [potion of mutation]
   950 | D:2      | Gained mutation: You have sharp toenails. [potion of
                  | mutation]
   950 | D:2      | Gained mutation: You are robust. (+10% HP) [potion of
                  | mutation]
   950 | D:2      | Gained mutation: You expend magic power (3 MP) to
                  | strengthen your wands. [potion of mutation]
  1007 | D:2      | Reached XP level 4. HP: 45/45 MP: 5/5
  1358 | D:2      | Reached skill level 1 in Conjurations
  1358 | D:2      | Reached skill level 1 in Hexes
  1358 | D:2      | Reached skill level 1 in Summonings
  1358 | D:2      | Reached skill level 1 in Necromancy
  1358 | D:2      | Reached skill level 1 in Translocations
  1358 | D:2      | Reached skill level 1 in Transmutations
  1358 | D:2      | Reached skill level 1 in Fire Magic
  1358 | D:2      | Reached skill level 1 in Ice Magic
  1358 | D:2      | Reached skill level 1 in Air Magic
  1358 | D:2      | Reached skill level 1 in Earth Magic
  1358 | D:2      | Reached skill level 1 in Poison Magic
  1875 | D:1      | Reached XP level 5. HP: 48/51 MP: 6/6
  3348 | D:3      | Reached XP level 6. HP: 58/58 MP: 8/8
  3483 | D:3      | Killed Terence
  3484 | D:3      | Reached skill level 5 in Axes
  3484 | D:3      | Reached skill level 5 in Dodging
  3748 | D:3      | Found a blossoming altar of Fedhas.
  3762 | D:3      | Noticed an oklob plant
  4586 | D:4      | Reached XP level 7. HP: 25/64 MP: 3/10
  5787 | D:5      | Found a hazy altar of Hepliaklqana.
  6085 | D:5      | Reached skill level 10 in Stealth
  6582 | D:5      | Reached XP level 8. HP: 73/73 MP: 12/12
  7644 | D:6      | Found a staircase to the Ecumenical Temple.
  7653 | Temple   | Entered the Ecumenical Temple
  7728 | Temple   | Became a worshipper of Gozag Ym Sagoz the Greedy
  7847 | D:6      | Noticed a troll
  7857 | D:6      | Killed a troll
  7949 | D:6      | Reached XP level 9. HP: 79/79 MP: 4/14
  9694 | D:8      | Identified the ring of Viubugu {Wiz Dex+5}
  9755 | D:8      | Reached skill level 5 in Invocations
  9902 | D:8      | Found a white marble altar of Elyvilon.
  9924 | D:8      | Found a staircase to the Lair.
  9979 | D:8      | Noticed a two-headed ogre
 10235 | D:8      | Found a radiant altar of Vehumet.
 10308 | D:8      | Found a transporter.
 10309 | D:8      | Noticed an ogre mage
 10311 | D:8      | Noticed Doorstop00's ghost (novice MiBe)
 10343 | D:8      | Found a transporter.
 10548 | D:8      | Reached XP level 10. HP: 72/88 MP: 15/17
 10857 | D:8      | Reached skill level 5 in Short Blades
 10857 | D:8      | Reached skill level 5 in Long Blades
 10857 | D:8      | Reached skill level 5 in Maces & Flails
 10857 | D:8      | Reached skill level 5 in Polearms
 10857 | D:8      | Reached skill level 5 in Staves
 10857 | D:8      | Reached skill level 5 in Slings
 10857 | D:8      | Reached skill level 5 in Bows
 10857 | D:8      | Reached skill level 5 in Crossbows
 10857 | D:8      | Reached skill level 5 in Throwing
 10857 | D:8      | Reached skill level 5 in Armour
 10857 | D:8      | Reached skill level 5 in Shields
 10857 | D:8      | Reached skill level 5 in Unarmed Combat
 10857 | D:8      | Reached skill level 5 in Spellcasting
 10857 | D:8      | Reached skill level 5 in Evocations
 11361 | D:9      | Reached skill level 11 in Stealth
 12346 | D:9      | Found a shadowy altar of Dithmenos.
 12604 | D:9      | Paralysed by a hornet for 2 turns
 12609 | D:9      | Reached XP level 11. HP: 32/95 MP: 13/19
 13268 | D:10     | Entered Level 10 of the Dungeon
 13440 | D:10     | Identified the +2 ring mail of Anaesthesia {rC+ Str-5
                  | Slay+2}
 13519 | D:10     | Found a basalt altar of Yredelemnul.
 13815 | D:10     | Noticed a two-headed ogre
 13820 | D:10     | Killed a two-headed ogre
 13821 | D:10     | Reached skill level 5 in Conjurations
 13821 | D:10     | Reached skill level 5 in Hexes
 13821 | D:10     | Reached skill level 5 in Summonings
 13821 | D:10     | Reached skill level 5 in Necromancy
 13821 | D:10     | Reached skill level 5 in Translocations
 13821 | D:10     | Reached skill level 5 in Transmutations
 13821 | D:10     | Reached skill level 5 in Fire Magic
 13821 | D:10     | Reached skill level 5 in Ice Magic
 13821 | D:10     | Reached skill level 5 in Air Magic
 13821 | D:10     | Reached skill level 5 in Earth Magic
 13821 | D:10     | Reached skill level 5 in Poison Magic
 13972 | D:10     | Found a snail-covered altar of Cheibriados.
 14537 | D:10     | You fall into a shaft and drop 2 floors!
 14551 | D:12     | Noticed a green ugly thing
 14582 | D:12     | Noticed a two-headed ogre
 15300 | Lair:1   | Entered Level 1 of the Lair of Beasts
 17143 | Lair:1   | Slain by a cane toad

Illustrated notes

Levels and vault maps discovered:
D:1:      minmay_arrival_five_plusses, layout_loops_ring
D:2:      minmay_alternating_diamond, layout_loops_cross, serial_shops,
          nicolae_shop_trees, uniq_jessica
D:3:      layout_rooms, tgw_fedhas, roderic_batcave, hex_intersection,
          minmay_liquid_box, uniq_terence
D:4:      layout_loops_ring, nrook_campfire
D:5:      layout_loops_corners, general_overflow_altar, nicolae_elemental_shop
D:6:      layout_gridville, minmay_temple_entry_mist,
          minmay_fractal_squares_gapless_5
D:7:      layout_rooms
D:8:      layout_loops_ring, kennysheep_mini_moat, overflow_temple_1_default,
          dpeg_oklobed_lair, gammafunk_ghost_arena, st_stairs_3,
          grunt_livestock, minmay_misc_feat_encased
D:9:      layout_roguey, grunt_dithmenos_smoke
D:10:     layout_long_grid, amcnicky_altar_gilded, lemuel_coloured_pillars_altar
D:11:     minmay_thinvault, layout_layer_cave, david_orc_3,
          gammafunk_ghost_grave
D:12:     layout_rooms, drop_trap, grunt_ministairs_8
Temple:   regret_index_temple_generic_petals
Lair:1:   layout_chaotic_city

Skill      XL: |  1  2  3  4  5  6  7  8  9 10 11 |
---------------+----------------------------------+-----
Stealth        | 10 11 | 11.6
Short Blades   | 1 2 3 4 5 6 |  6.6
Long Blades    | 1 2 3 4 5 6 |  6.6
Maces & Flails | 1 2 3 4 5 6 |  6.6
Polearms       | 1 2 3 4 5 6 |  6.6
Staves         | 1 2 3 4 5 6 |  6.6
Slings         | 1 2 3 4 5 6 |  6.6
Bows           | 1 2 3 4 5 6 |  6.6
Crossbows      | 1 2 3 4 5 6 |  6.6
Throwing       | 1 2 3 4 5 6 |  6.6
Armour         | 1 2 3 4 5 6 |  6.6
Shields        | 1 2 3 4 5 6 |  6.6
Unarmed Combat | 1 2 3 4 5 6 |  6.6
Spellcasting   | 1 2 3 4 5 6 |  6.6
Invocations    | 1 2 3 4 5 6 7 |  7.2
Evocations     | 1 2 3 4 5 6 |  6.6
Conjurations   | 1 2 3 4 5 |  5.4
Hexes          | 1 2 3 4 5 |  5.4
Summonings     | 1 2 3 4 5 |  5.4
Necromancy     | 1 2 3 4 5 |  5.4
Translocations | 1 2 3 4 5 |  5.4
Transmutations | 1 2 3 4 5 |  5.4
Fire Magic     | 1 2 3 4 5 |  5.4
Ice Magic      | 1 2 3 4 5 |  5.4
Air Magic      | 1 2 3 4 5 |  5.4
Earth Magic    | 1 2 3 4 5 |  5.4
Poison Magic   | 1 2 3 4 5 |  5.4
Axes           | 5 6 7 8 |  8.1
Dodging        | 5 6 7 8 |  8.1
Fighting       | 7 8 9 |  9.4

Action                   |  1- 3 |  4- 6 |  7- 9 | 10-12 || total
-------------------------+-------+-------+-------+-------++-------
Melee: Hand axe          |    43 |    28 |       |       ||    71
       Bite              |     5 |    18 |    28 |    36 ||    87
       Kick              |     1 |    36 |    96 |   128 ||   261
       War axe           |       |   156 |   268 |   224 ||   648
       Punch             |       |     5 |    11 |     9 ||    25
       Great sword       |       |       |       |   132 ||   132
       Rapier            |       |       |       |    11 ||    11
 Fire: Arbalest          |       |       |       |     2 ||     2
Throw: Dart              |       |       |     4 |       ||     4
       Boomerang         |       |       |     1 |       ||     1
Evoke: Wand              |       |     7 |    36 |    17 ||    60
  Use: Scroll            |     3 |     3 |    19 |     9 ||    34
       Potion            |     8 |       |     2 |     6 ||    16
 Stab: Sleeping          |     1 |    10 |     2 |       ||    13
       Distracted        |       |       |     1 |     4 ||     5
       Paralysed         |       |       |       |     2 ||     2
Armor: Leather armour    |     6 |    44 |       |       ||    50
       Skin              |    13 |       |       |       ||    13
       Chain mail        |       |    18 |   120 |       ||   138
       Plate armour      |       |       |    91 |   291 ||   382
Dodge: Dodged            |    27 |   145 |   116 |   156 ||   444

Table legend: (Time is in decaauts)
 A = Elapsed time spent in this place.
 B = Non-inter-level travel time spent in this place.
 C = Inter-level travel time spent in this place.
 D = Time resting spent in this place.
 E = Time spent auto-exploring this place.
 F = Levels seen in this place.
 G = Mean time per level.
                   A        B        C        D        E       F      G
               +--------+--------+--------+--------+--------+-----+--------+
         Total |  17381 |  16734 |    647 |   6726 |   6807 |  14 | 1241.5 |
       Dungeon |  15425 |  14801 |    624 |   5462 |   6503 |  12 | 1285.4 |
        Temple |     98 |     75 |     23 |      0 |     63 |   1 |   98.0 |
          Lair |   1857 |   1857 |      0 |   1264 |    241 |   1 | 1857.0 |
               +--------+--------+--------+--------+--------+-----+--------+

Top non-repeatable levels by time:
     D:9: 2251 daAuts
     D:5: 2175 daAuts
  Lair:1: 1857 daAuts
    D:10: 1810 daAuts
     D:2: 1729 daAuts
     D:4: 1702 daAuts
     D:8: 1563 daAuts
     D:6: 1515 daAuts
     D:3: 955 daAuts
     D:7: 896 daAuts
     D:1: 709 daAuts
  Temple: 98 daAuts
    D:11: 63 daAuts
    D:12: 52 daAuts
